 Dungeon Crawl Stone Soup version 0.21.1-1-g345015f (webtiles) character file.

137 inc the Ducker (level 5, -2/24 HPs)
             Began as a Felid Enchanter on Feb 21, 2018.
             Slain by Eustachio
             ... wielding a +3 falchion of flaming
              (3 damage)
             ... on level 4 of the Dungeon.
             The game lasted 00:09:08 (3573 turns).

inc the Ducker (Felid Enchanter)                    Turns: 3573, Time: 00:09:09

Health: -2/24      AC:  2    Str:  4    XL:     5   Next: 0%
Magic:  2/9        EV: 20    Int: 18    God:
Gold:   88         SH:  0    Dex: 17    Spells: 2/8 levels left
                                        Lives:  0   Deaths: 1

rFire    . . .     SeeInvis +     - Unarmed
rCold    . . .     Gourm    .   (shield unavailable)
rNeg     . . .     Faith    .   (armour unavailable)
rPois    .         Spirit   .   (helmet unavailable)
rElec    .         Reflect  .   (cloak unavailable)
rCorr    .         Harm     .   (gloves unavailable)
MR       .....                  (boots unavailable)
Stlth    +++.......             (no amulet)
HPRegen  0.08/turn              (no ring)
MPRegen  0.11/turn              (no ring)

@: very slightly contaminated, quick
A: very small, no armour, no weapons or thrown items, stealth, claws 1, fangs 3,
see invisible, carnivore, speed 1, shaggy fur 2, slow metabolism 1, sharp paws
a: no special abilities


You were on level 4 of the Dungeon.
You were not hungry.

You visited 1 branch of the dungeon, and saw 5 of its levels.
You also visited: Sewer.

You collected 88 gold pieces.

Inventory:

Scrolls
 c - 3 scrolls of remove curse {unknown}
 e - a scroll of amnesia {unknown}
 g - a scroll of random uselessness {unknown}
 h - 3 scrolls of identify {unknown}
 i - a scroll of blinking {unknown}
 k - a scroll of teleportation {unknown}
Potions
 d - 4 potions of curing {unknown}
 f - 2 potions of brilliance {unknown}
 j - 2 potions of might {unknown}
 l - a potion of agility {unknown}
 m - a potion of heal wounds {unknown}
Books
 a - a book of Maledictions

   Spells                             Type                      Level
   a - Corona                         Hexes                        1
   b - Ensorcelled Hibernation        Hexes/Ice                    2
   c - Confuse                        Hexes                        3
   d - Tukima's Dance                 Hexes                        3
   e - Dazzling Spray                 Conjuration/Hexes            3
Comestibles
 b - 3 rations


   Skills:
 + Level 2.9 Fighting
 - Level 5.0 Dodging
 - Level 4.4 Stealth
 - Level 3.4 Unarmed Combat
 - Level 2.0 Spellcasting
 + Level 4.6 Hexes


You had 2 spell levels left.
You knew the following spells:

 Your Spells              Type           Power        Failure   Level  Hunger
a - Corona                Hex            ###....      2%          1    #......
b - Ensorcelled Hibernat  Hex/Ice        ##....       11%         2    ###....
c - Confuse               Hex            ###.....     9%          3    ###....


Dungeon Overview and Level Annotations

Branches:
Dungeon (5/15)
 Temple: D:4-7

Altars:
Gozag

Annotations:
D:2 Robin
D:4 Eustachio, Sigmund


Innate Abilities, Weirdness & Mutations

You cannot wear armour.
You are incapable of wielding weapons or throwing items.
Your paws allow you to move quietly. (Stealth)
You have sharp claws.
You have razor-sharp teeth.
You have supernaturally acute eyesight. (SInv)
You are carnivorous and can eat meat at any time.
You cover ground quickly.
You are covered in thick fur. (AC +2)
You have a slow metabolism.
Your sharp claws are effective at attacking unaware monsters.


Message History

Eustachio hits you with a falchion of flaming.
Eustachio burns you.
You closely miss Eustachio.
Eustachio is almost dead.
The quasit closely misses you. The quasit misses you. x2
Eustachio brags, "I can call spirits from the vasty deep."
Eustachio hits you with a falchion of flaming.
Eustachio burns you.
* * * LOW HITPOINT WARNING * * *
You closely miss Eustachio.
Eustachio is almost dead.
The shadow imp laughs crazily.
The shadow imp hits you but does no damage.
The quasit closely misses you.
The quasit claws you but does no damage.
The quasit completely misses you.
Eustachio hits you with a falchion of flaming.
* * * LOW HITPOINT WARNING * * *
Eustachio burns you.
You die...

#### #$$@#######
#$55@.....#
#$$5......#
#.........+
#.........# ####
#........## #...
#....#>.... #...
######.....####+##...
#...........#!..
+...............


You could see Eustachio, a quasit and 2 shadow imps.

Vanquished Creatures
  Menkaure (D:4)
  A bullfrog (Sewer)
  5 adders
  A dart slug (D:2)
  An orc (D:4)
  8 giant cockroaches
  5 goblins
  3 hobgoblins (D:1)
  3 jackals
  7 bats
  14 frilled lizards
  4 kobolds
  4 rats
57 creatures vanquished.

Notes
Turn   | Place    | Note
-------+----------+-------------------------------------------
     0 | D:1      | inc the Felid Enchanter began the quest for the Orb.
     0 | D:1      | Reached XP level 1. HP: 7/7 MP: 4/4
   598 | D:1      | Reached XP level 2. HP: 6/11 MP: 6/6
   602 | D:1      | Learned a level 2 spell: Ensorcelled Hibernation
  1635 | D:3      | Reached XP level 3. HP: 10/14 MP: 7/7
  1640 | D:3      | Learned a level 3 spell: Confuse
  1795 | D:3      | Found a glowing drain.
  1845 | Sewer    | Entered a sewer
  2222 | Sewer    | Reached XP level 4. HP: 10/18 MP: 1/8
  2534 | Sewer    | Reached skill level 3 in Dodging
  2688 | Sewer    | Noticed a bullfrog
  2693 | Sewer    | Killed a bullfrog
  2693 | Sewer    | Reached skill level 1 in Fighting
  2693 | Sewer    | Reached skill level 4 in Dodging
  2693 | Sewer    | Reached XP level 5. HP: 22/22 MP: 2/9
  3071 | D:2      | Noticed Robin
  3235 | D:4      | Noticed Menkaure
  3246 | D:5      | Entered Level 5 of the Dungeon
  3246 | D:5      | Noticed a sky beast
  3246 | D:5      | Noticed a sky beast
  3287 | D:4      | Killed Menkaure
  3287 | D:4      | Reached skill level 5 in Dodging
  3466 | D:4      | Noticed Sigmund
  3489 | D:4      | Gained mutation: You are covered in thick fur. (AC +2) [Felid growth]
  3489 | D:4      | Reached XP level 6. HP: 23/27 MP: 1/10
  3530 | D:5      | Slain by a sky beast
  3531 | D:5      | Reached XP level 5. HP: -2/24 MP: 3/9
  3563 | D:4      | Found an opulent altar of Gozag.
  3563 | D:4      | Noticed Eustachio
  3573 | D:4      | HP: 1/24 [Eustachio/falchion of flaming (6)]
  3573 | D:4      | Slain by Eustachio

Skill      XL: |  1  2  3  4  5 |
---------------+----------------+-----
Unarmed Combat | 2 3 |  3.4
Dodging        | 4 5 |  5.0
Fighting       | 1 2 |  2.9
Stealth        | |  4.4
Spellcasting   | |  2.0
Hexes          | |  4.6

Action                   |  1- 3 |  4- 6 || total
-------------------------+-------+-------++-------
Melee: Unarmed           |    75 |    50 ||   125
       Bite              |     3 |     2 ||     5
 Cast: Corona            |     2 |       ||     2
       Ensorcelled Hiber |    26 |    25 ||    51
       Confuse           |       |     2 ||     2
 Stab: Sleeping          |    25 |    12 ||    37
       Confused          |       |     1 ||     1
  Eat: Chunk             |    11 |     1 ||    12
Armor: Skin              |     7 |     5 ||    12
Dodge: Dodged            |    85 |    73 ||   158
